 Dungeon Crawl Stone Soup version 0.20-a0-526-g753eaab (webtiles) character file.

5388 kae the Carver (level 10, -2/83 HPs)
             Began as a Barachian Fighter on Jan 26, 2017.
             Was a Priest of Cheibriados.
             Slain by a slime creature (8 damage)
             ... on level 9 of the Dungeon.
             The game lasted 00:16:50 (10010 turns).

kae the Carver (Barachian Fighter)                 Turns: 10010, Time: 00:16:51

Health: -2/83      AC: 13    Str: 24    XL:     10   Next: 66%
Magic:  10/10      EV: 10    Int: 12    God:    Cheibriados [***...]
Gold:   196        SH:  0    Dex: 22    Spells: 9/9 levels left

rFire    . . .     SeeInvis .   k - +1 great sword (protect)
rCold    . . .     Gourm    .   e - +0 scale mail
rNeg     . . .     Faith    .   (shield currently unavailable)
rPois    .         Spirit   .   (no helmet)
rElec    +         Reflect  .   C - +2 cloak
rCorr    .         Harm     .   u - +0 pair of gloves of the Shore {rElec Dex+5}
MR       .....                  (no boots)
Stlth    ..........             r - amulet of regeneration
Regen    0.7/turn               (no ring)
                                n - ring of flight

@: can't hop, flying, very slow
A: swims, slowness 1, strong legs 1
a: Hop, Bend Time, Temporal Distortion, Renounce Religion


You were on level 9 of the Dungeon.
You worshipped Cheibriados.
Cheibriados was most pleased with you.
You were not hungry.

You visited 2 branches of the dungeon, and saw 10 of its levels.
You also visited: Ossuary.

You collected 556 gold pieces.
You spent 360 gold pieces at shops.

Inventory:

Hand Weapons
 a - a +0 long sword
 b - a +0 shortbow
 k - a +1 great sword of protection (weapon)
 v - the +8 bow of Krishna "Sharnga" {speed, Dex+3 SInv}
   (You found it on level 3 of the Dungeon)

   Attacks with this weapon are significantly faster.
   It affects your dexterity (+3).
   It lets you see invisible.
   Cheibriados disapproves of the use of such an item.
Missiles
 p - 211 arrows
Armour
 e - a +0 scale mail (worn)
 u - the +0 pair of gloves of the Shore (worn) {rElec Dex+5}
   (You found it on level 8 of the Dungeon)

   It affects your dexterity (+5).
   It insulates you from electricity.
 C - a +2 cloak (worn)
Jewellery
 d - an uncursed ring of ice
 n - a ring of flight (left hand)
 r - an amulet of regeneration (around neck)
Wands
 c - a wand of confusion (33/48)
 B - a wand of lightning (7/15)
Scrolls
 h - 3 scrolls of identify
 i - 5 scrolls of remove curse
 j - a scroll of magic mapping
 z - a scroll of immolation
 A - a scroll of teleportation
Potions
 g - a potion of might
 o - a potion of agility
 q - 2 potions of mutation
 s - a potion of cancellation
 t - a potion of cure mutation
Books
 y - a book of Changes

   Spells                             Type                      Level
   a - Beastly Appendage              Transmutation                1
   b - Sticks to Snakes               Transmutation                2
   c - Spider Form                    Transmutation/Poison         3
   d - Ice Form                       Ice/Transmutation            4
   e - Blade Hands                    Transmutation                5
Comestibles
 f - 11 bread rations
 l - a meat ration
 m - 4 royal jellies
 w - 2 chunks of flesh


   Skills:
 + Level 9.0 Fighting
 * Level 12.0 Long Blades
 + Level 9.3 Armour
   Level 3.0 Shields


You had 9 spell levels left.
You didn't know any spells.

Dungeon Overview and Level Annotations

Branches:
Dungeon (9/15)             Temple (1/1) D:5
   Lair: D:8-11         Orc: D:9-12

Altars:
Ashenzari
Cheibriados
Dithmenos
Elyvilon
Fedhas
Gozag
Hepliaklqana
Kikubaaqudgha
Makhleb
Nemelex Xobeh
Okawaru
Qazlal
Ru
Sif Muna
Trog
Uskayaw
Vehumet
Xom
Yredelemnul
Zin
The Shining One

Shops:
D:4 (   D:9 *


Innate Abilities, Weirdness & Mutations

You can swim through water.
You cover ground slowly.
You can hop short distances.


Message History

The two-headed ogre hits you with a giant spiked club!
The two-headed ogre hits you with a giant club!!
* * * LOW HITPOINT WARNING * * *
Two slime creatures merge to form a large slime creature.
The slime creature closely misses you.
Hop to where?
Press: ? - help, Dir - move target cursor Boing!
Okay, then.
It was a potion of flight.
You feel very buoyant.
You fly up into the air.
Two slime creatures merge to form a very large slime creature.
The two-headed ogre hits you with a giant spiked club!
* * * LOW HITPOINT WARNING * * *
The two-headed ogre barely misses you.
Okay, then.
Okay, then.
You fail to use your ability.
The slime creature hits you!
You die...

###### .....#### #####
........#### ###....###
...........# #.....>....
..........#####O@........###
...........†...JJ..........##
................J.........<.#####
############....................#
###...................
#............h......
#...........hh.#....
#.............##....
#.............. ....


You could see a very large slime creature, 2 slime creatures and a two-headed
ogre.

Vanquished Creatures
  A two-headed ogre (D:8)
  2 hornets
  A slime creature (D:8)
  Grinder (D:6)
  A spriggan (D:7)
  Eustachio (D:6)
  A hungry ghost (D:7)
  An orc warrior (D:9)
  A black bear (D:9)
  3 ice beasts
  A phantom (D:6)
  6 centaurs
  2 ogres
  5 bullfrogs
  A water moccasin zombie (D:7)
  2 scorpions
  3 killer bees (D:7)
  7 howler monkeys
  A crimson imp (D:8)
  A bullfrog zombie (D:5)
  A jelly (D:8)
  3 orc priests
  Crazy Yiuf (D:6)
  A centaur skeleton (D:6)
  6 hounds
  8 orc wizards
  A human zombie (Ossuary)
  Jessica (D:2)
  4 iguanas
  Terence (D:3)
  4 worker ants
  Natasha (thrice) (D:4)
  A hound zombie (Ossuary)
  A hound skeleton (D:7)
  4 mummies (Ossuary)
  7 gnolls (D:4)
  15 adders
  4 shadow imps
  2 oozes
  An adder zombie (D:6)
  An adder skeleton (D:6)
  3 worms
  2 dart slugs
  9 leopard geckos
  30 orcs
  7 giant cockroaches
  10 goblins
  17 hobgoblins
  13 jackals
  10 kobolds
  5 quokkas
  A ball python (D:2)
  10 bats
  5 frilled lizards
  A giant cockroach zombie (D:4)
  2 goblin zombies (Ossuary)
  3 jackal zombies (Ossuary)
  3 kobold zombies (Ossuary)
  2 leopard gecko skeletons (D:4)
  A quokka zombie (D:8)
  10 rats
  2 rat zombies (Ossuary)
258 creatures vanquished.

Notes
Turn   | Place    | Note
-------+----------+-------------------------------------------
     0 | D:1      | kae the Barachian Fighter began the quest for the Orb.
     0 | D:1      | Reached XP level 1. HP: 18/18 MP: 1/1
    76 | D:1      | Reached XP level 2. HP: 16/24 MP: 2/2
   299 | D:1      | Reached skill level 3 in Long Blades
   443 | D:1      | Reached XP level 3. HP: 30/30 MP: 3/3
  1046 | D:2      | Found a shimmering altar of Xom.
  1046 | D:2      | Noticed Jessica
  1054 | D:2      | Killed Jessica
  1054 | D:2      | Reached XP level 4. HP: 30/37 MP: 4/4
  1410 | D:2      | Reached skill level 4 in Long Blades
  1870 | D:2      | Reached XP level 5. HP: 42/42 MP: 5/5
  2070 | D:2      | Found a stormy altar of Qazlal.
  2477 | D:3      | Found a shadowy altar of Dithmenos.
  2495 | D:3      | Noticed Terence
  2752 | D:3      | Killed Terence
  2755 | D:3      | Reached skill level 5 in Long Blades
  3233 | D:2      | Reached XP level 6. HP: 49/49 MP: 6/6
  3314 | D:4      | Noticed Natasha
  3316 | D:4      | Killed Natasha
  3484 | D:4      | Reached skill level 5 in Armour
  3485 | D:4      | Found Javev's Antique Weapon Boutique.
  3528 | D:4      | Noticed Natasha
  3549 | D:4      | Killed Natasha
  3770 | D:3      | Reached XP level 7. HP: 50/55 MP: 7/7
  3892 | D:4      | Reached skill level 5 in Fighting
  3892 | D:4      | Reached skill level 6 in Long Blades
  3937 | D:4      | Found a radiant altar of Vehumet.
  4019 | D:4      | Found a glowing silver altar of Zin.
  4134 | D:5      | Entered Level 5 of the Dungeon
  4215 | D:5      | Found a staircase to the Ecumenical Temple.
  4306 | Temple   | Entered the Ecumenical Temple
  4536 | Temple   | Became a worshipper of Cheibriados the Contemplative
  4970 | D:5      | Reached skill level 7 in Long Blades
  5011 | D:5      | Reached XP level 8. HP: 42/63 MP: 8/8
  5202 | D:5      | Found a shimmering altar of Xom.
  5472 | D:6      | Noticed Grinder
  5485 | D:6      | Killed Grinder
  5485 | D:6      | Reached skill level 8 in Long Blades
  5629 | D:6      | Found a runed door.
  5661 | D:6      | Found a white marble altar of Elyvilon.
  5948 | D:6      | Noticed Eustachio
  5954 | D:6      | Killed Eustachio
  5954 | D:6      | Reached skill level 9 in Long Blades
  5954 | D:6      | Reached XP level 9. HP: 71/71 MP: 9/9
  6053 | D:6      | You fall through a shaft!
  6191 | D:7      | Noticed a hornet
  6203 | D:7      | Paralysed by a hornet for 2 turns
  6208 | D:7      | Killed a hornet
  6299 | D:7      | Found a sand-covered staircase.
  6304 | Ossuary  | Entered an ossuary
  6570 | Ossuary  | Fell from the grace of Cheibriados
  6668 | Temple   | Became a worshipper of Cheibriados the Contemplative
  6735 | D:6      | Found a bloodstained altar of Trog.
  6749 | D:6      | Reached skill level 10 in Long Blades
  7135 | D:6      | Noticed Crazy Yiuf
  7141 | D:6      | Killed Crazy Yiuf
  7458 | D:7      | Reached * piety under Cheibriados
  7628 | D:7      | Reached XP level 10. HP: 71/80 MP: 10/10
  7869 | D:8      | Got a pair of faintly glowing gloves
  7876 | D:8      | Reached skill level 11 in Long Blades
  7882 | D:8      | Identified the +0 pair of gloves of the Shore {rElec Dex+5} (You found it on level 8 of the Dungeon)
  7999 | D:8      | Noticed a two-headed ogre
  8014 | D:8      | Killed a two-headed ogre
  8150 | D:8      | Found an iron altar of Okawaru.
  8200 | D:8      | Noticed a dagger
  8201 | D:8      | Noticed a hand axe
  8205 | D:8      | Found a hide-covered altar of Uskayaw.
  8350 | D:8      | Reached ** piety under Cheibriados
  8691 | D:9      | Paralysed by a hornet for 3 turns
  9065 | D:9      | Paralysed by fainting for 6 turns
  9287 | D:9      | Found Tesau's Assorted Antiques.
  9295 | D:9      | Bought a scroll labeled HEDWODYUWN for 32 gold pieces
  9295 | D:9      | Bought a smoky sapphire potion for 28 gold pieces
  9468 | D:4      | Bought a runed great sword for 300 gold pieces
  9475 | D:4      | Noticed Natasha
  9479 | D:4      | Killed Natasha
  9879 | D:9      | Reached skill level 12 in Long Blades
  9882 | D:9      | Reached *** piety under Cheibriados
 10002 | D:9      | Noticed a two-headed ogre
 10010 | D:9      | Slain by a slime creature

Vault maps used:
D:1:      lemuel_arrival_broad_hall, minmay_misc_feat_hallway
D:2:      overflow_temple_1_default, grunt_qazlal_clouds, first_bread,
          uniq_jessica
D:3:      nicolae_overflow_crystal_walls, minmay_checkerbox, uniq_terence
D:4:      lemuel_round_altar, kennysheep_mini, serial_shops, shop,
          minmay_lizard_king, uniq_natasha
D:5:      minmay_temple_entry_statues_pillars, grunt_decor_arrowhead, tgw_xom
D:6:      grunt_temple_overflow_open, uniq_grinder, uniq_crazy_yiuf_cottage,
          uniq_eustachio
D:7:      enter_ossuary_5, the_bakery
D:8:      okawaru_trees_2, dancing_weapons_uskayaw
D:9:      lair_entry_dummy, serial_shops, nicolae_shop_overgrown_old_shop,
          kennysheep_decorative_pillar
Temple:   hc_temple_tempest_star
Ossuary:  ossuary_minmay_tomb_2a

Skill      XL: |  1  2  3  4  5  6  7  8  9 10 |
---------------+-------------------------------+-----
Long Blades    | 3 4 5 7 9 10 12 | 12.0
Fighting       | 4 5 6 8 9 |  9.0
Armour         | 4 5 6 8 9 |  9.3
Shields        | |  3.0

Action                   |  1- 3 |  4- 6 |  7- 9 | 10-12 || total
-------------------------+-------+-------+-------+-------++-------
Melee: Long sword        |   131 |   260 |   358 |   182 ||   931
       Great sword       |       |       |       |    13 ||    13
 Fire: Longbow           |       |    29 |    65 |       ||    94
       Shortbow          |       |       |     8 |     3 ||    11
 Abil: Hop               |     2 |     5 |     5 |     5 ||    17
  Use: Scroll            |       |     8 |     4 |     9 ||    21
       Potion            |       |     1 |    11 |     2 ||    14
  Eat: Chunk             |     1 |    10 |    15 |     7 ||    33
       Royal jelly       |       |       |     1 |       ||     1
       Fruit             |       |       |     2 |     3 ||     5
Armor: Scale mail        |   104 |   129 |   176 |   134 ||   543
       Skin              |       |       |     9 |       ||     9
Dodge: Dodged            |    63 |    87 |   218 |   112 ||   480
Block: Shield            |    95 |    86 |       |       ||   181
       Rpst.: Long sword |    21 |    22 |    66 |    24 ||   133
       Great sword       |       |       |       |     8 ||     8
